 Dungeon Crawl Stone Soup version 0.29.1-12-g30fa7ad0bf (webtiles) character file.

Game seed: 3364349542524105668

4923 Linkola the Thaumaturge (level 10, -9/50 HPs)
             Began as a Deep Elf Conjurer on Jan 3, 2023.
             Was a Priest of Vehumet.
             Engulfed by a cloud of freezing vapour (14 damage)
             ... on level 8 of the Dungeon on Jan 7, 2023.
             The game lasted 00:40:56 (10728 turns).

Linkola the Thaumaturge (Deep Elf Conjurer)        Turns: 10728, Time: 00:40:57

Health: -9/50      AC:  7    Str:  4    XL:     10   Next: 27%
Magic:  17/26      EV: 13    Int: 34    God:    Vehumet [***...]
Gold:   553        SH:  0    Dex: 13    Spells: 10/29 levels left

rFire   . . .      SeeInvis .   e - staff of conjuration
rCold   . . .      Faith    .   o - orb {mayhem}
rNeg    + . .      Spirit   .   r - +2 robe {rN+}
rPois   +          Reflect  .   g - +1 helmet
rElec   .          Harm     .   (no cloak)
rCorr   .          Rampage  .   h - +0 pair of gloves
Will    +....                   (no boots)
Stlth   +++.......              (no amulet)
HPRegen 0.16/turn               l - ring "Unoisy" {Fly Int+6}
MPRegen 0.20/turn               j - ring of poison resistance

@: flying, studying Long Blades
A: no striking features
a: Renounce Religion


You were on level 8 of the Dungeon.
You worshipped Vehumet.
Vehumet was most pleased with you.
You visited 2 branches of the dungeon, and saw 9 of its levels.
You also visited: Ossuary.

You collected 553 gold pieces.

Inventory:

Armour
 g - a +1 helmet (worn)
 h - a +0 pair of gloves (worn)
 o - an orb of mayhem (worn)
 r - a +2 robe of positive energy (worn)
Magical Staves
 e - a staff of conjuration (weapon)
Jewellery
 j - a ring of poison resistance (right hand)
 l - the ring "Unoisy" (left hand) {Fly Int+6}
   (You acquired it on level 3 of the Dungeon)

   [ring of intelligence]

   Int:       It affects your intelligence (+6).
   Fly:       It grants you flight.
Wands
 b - a wand of paralysis (17)
 c - a wand of polymorph (16)
 p - a wand of roots (18)
Scrolls
 a - a scroll of enchant armour
 m - 7 scrolls of teleportation
 t - a scroll of brand weapon
 u - a scroll of noise {unknown}
Potions
 d - a potion of brilliance {unknown}
 f - 6 potions of curing
 i - 2 potions of haste {unknown}
 k - 2 potions of might {unknown}
 n - a potion of resistance {unknown}
 q - 2 potions of heal wounds {unknown}
 s - a potion of ambrosia {unknown}


   Skills:
 + Level 0.1 Fighting
 + Level 3.5 Dodging
 + Level 4.4 Stealth
 + Level 10.4 Spellcasting
 + Level 10.0 Conjurations
 * Level 7.8 Hexes
 * Level 0.2 Ice Magic
 + Level 4.4 Air Magic
 * Level 6.2 Evocations


You had 10 spell levels left.
You knew the following spells:

 Your Spells              Type           Power      Damage    Failure   Level
a - Magic Dart            Conj           100%       1d8       1%          1
b - Searing Ray           Conj           100%       2d8       1%          2
c - Dazzling Flash        Conj/Hex       100%       N/A       1%          3
d - Fulminant Prism       Conj/Hex       43%        3d20      1%          4
e - Hailstorm             Conj/Ice       68%        3d14      1%          4
f - Freezing Cloud        Conj/Ice/Air   33%        6-21      2%          5

Your spell library contained the following spells:

 Spells                   Type           Power      Damage    Failure   Level
 Mephitic Cloud           Conj/Pois/Air  66%        N/A       1%          3
 Iskenderun's Mystic Bla  Conj/Tloc      67%        2d14      1%          4
 Ignite Poison            Fire/Tmut/Pois 17%        N/A       2%          3


Dungeon Overview and Level Annotations

Branches:
Dungeon (8/15)             Temple (1/1) D:4            Lair (0/5) D:8
Ossuary (visited)

Altars:
Ashenzari
Cheibriados
Dithmenos
Elyvilon
Fedhas
Gozag
Hepliaklqana
Kikubaaqudgha
Makhleb
Nemelex Xobeh
Okawaru
Qazlal
Ru
Sif Muna
Trog
Uskayaw
Vehumet
Wu Jian
Xom
Yredelemnul
Zin
The Shining One

Shops:
D:2 [   D:3 *


Message History

You now have 512 gold pieces (gained 13).
You now have 525 gold pieces (gained 13).
Found a potion of lignification.
You now have 536 gold pieces (gained 11).
You now have 546 gold pieces (gained 10).
Found 4 stones.
Found a staircase to the Lair.
There is a staircase to the Lair here.
Found a hand axe.
Found a stone staircase leading down.
You now have 553 gold pieces (gained 7).
u - a scroll labelled APTUNOMUOTZ A yak comes into view.
The yak bellows!
A yak comes into view. x2
Casting: Searing Ray (safe; 1% risk of failure)
Confirm with . or Enter, or press ? or * to list all spells.
Aiming: Freezing Cloud (dangerous; 2% risk of failure)
Press: ? - help, Dir - move target You feel a surge of power!
That beam is likely to hit you.
Continue anyway?
The yak bellows! x2
You are engulfed in freezing vapours.
The yak is engulfed in freezing vapours. x3
A yak comes into view.
Unknown command.
Casting: Freezing Cloud (dangerous; 2% risk of failure)
Confirm with . or Enter, or press ? or * to list all spells.
Aiming: Fulminant Prism (safe; 1% risk of failure)
Press: ? - help, Dir - move target You feel a surge of power!
You conjure a prism of explosive energy!
The yak bellows!
A fulminant prism comes into view.
You are engulfed in freezing vapours.
Ouch! That really hurt!
* * * LOW HITPOINT WARNING * * *
The yak is engulfed in freezing vapours. x4
You are engulfed in freezing vapours.
You die...

#######.###.##.#
#.#
............##.#
#.#
#######.######.#
#.#
#.######.####.#
#.............#
#.######.####.#
#.# #.# #.# #.#
#.# #.# #.# #@#
#.# #.# #§# #.#
#.# #§# #.# #.#
#§# #.# #*# #Y#
#Y# #Y# §Y#


You could see 3 yaks and a friendly fulminant prism.

Vanquished Creatures
  A manticore (D:6)
  The ghost of Mercurial the Trooper, a novice GrFi of the Shining One (D:5)
  A kobold demonologist (D:6)
  Grinder (D:4)
  Prince Ribbit (D:7)
  A steam dragon (D:7)
  Menkaure (D:4)
  3 water moccasins
  Edmund (D:4)
  Duvessa (D:6)
  An ice beast (D:6)
  A sky beast (D:6)
  A black bear (D:6)
  An ogre (D:6)
  3 centaurs
  2 phantoms (D:6)
  A necrophage (D:5)
  5 bullfrogs
  4 scorpions
  A gnoll sergeant (D:5)
  8 wights
  Dowan (D:6)
  3 killer bees (D:6)
  3 hounds
  An orc priest (D:5)
  Crazy Yiuf (D:6)
  An iguana (D:5)
  Jessica (D:2)
  Natasha (twice) (D:2)
  3 orc wizards
  A mummy (Ossuary)
  5 gnolls (D:5)
  11 adders
  2 white imps
  2 ufetubi
  5 dart slugs
  22 orcs
  4 spectral bats (Ossuary)
  3 bats
  6 bat simulacra (Ossuary)
  12 endoplasms
  4 giant cockroaches
  12 gnoll zombies (Ossuary)
  A goblin (D:2)
  5 hobgoblins
  5 jackals (D:1)
  6 quokkas
  9 ball pythons
  6 frilled lizards
  6 goblin zombies (Ossuary)
  4 hobgoblin zombies (Ossuary)
  5 kobolds
  2 kobold simulacra (Ossuary)
  5 kobold zombies (Ossuary)
  3 orc zombies (Ossuary)
  8 rats
  A rat simulacrum (Ossuary)
  2 spectral goblins (Ossuary)
  2 spectral kobolds (Ossuary)
  2 spectral rats (Ossuary)
  2 butterflies (D:7)
  A fulminant prism (D:6)
220 creatures vanquished.

Vanquished Creatures (others)
  Blork the orc (D:4)
  31 fulminant prisms
32 creatures vanquished.

Grand Total: 252 creatures vanquished

Notes
Turn   | Place    | Note
-------+----------+-------------------------------------------
     0 | D:1      | Linkola the Deep Elf Conjurer began the quest for the Orb.
     0 | D:1      | Reached XP level 1. HP: 10/10 MP: 6/6
   187 | D:1      | Reached XP level 2. HP: 15/15 MP: 5/8
   192 | D:1      | Learned a level 2 spell: Searing Ray
   456 | D:1      | Found a faded altar of an unknown god.
   561 | D:1      | Reached skill level 1 in Hexes
   681 | D:1      | Reached skill level 5 in Conjurations
   690 | D:1      | Reached XP level 3. HP: 19/19 MP: 3/9
   694 | D:1      | Learned a level 3 spell: Dazzling Flash
  1411 | D:1      | Found an ancient bone altar of Kikubaaqudgha.
  1642 | D:2      | Noticed Natasha
  1646 | D:2      | Killed Natasha
  1647 | D:2      | Reached XP level 4. HP: 20/24 MP: 5/11
  1652 | D:2      | Learned a level 4 spell: Fulminant Prism
  1906 | D:2      | Found Sannih's Antique Armour Shoppe.
  2074 | D:2      | Noticed Natasha
  2076 | D:2      | Killed Natasha
  2364 | D:2      | Noticed Jessica
  2365 | D:2      | Killed Jessica
  2366 | D:2      | Reached XP level 5. HP: 28/28 MP: 9/13
  2639 | D:3      | Found Noghuinn's Assorted Antiques.
  2850 | D:3      | Identified a scroll of acquirement
  2850 | D:3      | Acquired the ring "Unoisy" {Fly Int+6}
  3481 | D:4      | Found a staircase to the Ecumenical Temple.
  3519 | Temple   | Entered the Ecumenical Temple
  3742 | Temple   | Became a worshipper of Vehumet
  3847 | D:4      | Noticed Edmund
  3859 | D:4      | Killed Edmund
  3860 | D:4      | Reached skill level 5 in Spellcasting
  3860 | D:4      | Reached skill level 1 in Evocations
  3860 | D:4      | Reached XP level 6. HP: 2/32 MP: 11/15
  4550 | D:4      | Noticed Blork the orc
  4559 | D:4      | Killed Blork the orc
  4677 | D:4      | Found a shimmering blue altar of Sif Muna.
  4737 | D:4      | Noticed Grinder
  4742 | D:4      | Killed Grinder
  4743 | D:4      | Reached XP level 7. HP: 36/36 MP: 7/18
  5013 | D:4      | Noticed Menkaure
  5017 | D:4      | Killed Menkaure
  5546 | D:5      | Entered Level 5 of the Dungeon
  5706 | D:5      | Reached XP level 8. HP: 41/41 MP: 11/20
  6037 | D:5      | Reached * piety under Vehumet
  6037 | D:5      | Offered knowledge of Sandblast by Vehumet.
  6038 | D:5      | Reached skill level 5 in Hexes
  6549 | D:5      | Found a runed translucent gate.
  6549 | D:5      | Identified the +1 leather armour "Selluadd" {rN+++ Regen+
                  | Dex-5 Slay-6}
  6550 | D:5      | Noticed Mercurial's ghost (novice GrFi)
  6550 | D:5      | Found a runed translucent gate.
  6551 | D:5      | Found a runed translucent gate.
  6686 | D:5      | Found a glowing golden altar of the Shining One.
  6918 | D:5      | Killed Mercurial's ghost
  6919 | D:5      | Reached skill level 1 in Air Magic
  7210 | D:6      | Noticed a kobold demonologist
  7212 | D:6      | Reached XP level 9. HP: 45/45 MP: 12/23
  7217 | D:6      | Killed a kobold demonologist
  7217 | D:6      | Noticed a manticore
  7280 | D:6      | Reached skill level 5 in Evocations
  7311 | D:6      | Noticed Duvessa
  7317 | D:6      | Killed Duvessa
  7318 | D:6      | Noticed Dowan
  7587 | D:6      | Killed Dowan
  7644 | D:6      | Found a sand-covered staircase.
  7661 | Ossuary  | Entered an ossuary
  7675 | Ossuary  | Offered knowledge of Foxfire by Vehumet.
  7675 | Ossuary  | Reached ** piety under Vehumet
  8085 | Ossuary  | Offered knowledge of Conjure Flame by Vehumet.
  8124 | Ossuary  | Reached *** piety under Vehumet
  8297 | D:6      | Found a sparkling altar of Nemelex Xobeh.
  8399 | D:6      | Killed a manticore
  8533 | D:6      | Found a hazy altar of Hepliaklqana.
  8659 | D:6      | Found a runed translucent door.
  8660 | D:6      | Noticed Crazy Yiuf
  8886 | D:6      | Killed Crazy Yiuf
  9047 | D:7      | Noticed Prince Ribbit
  9058 | D:7      | Killed Prince Ribbit
  9130 | D:7      | Offered knowledge of Hailstorm by Vehumet.
  9131 | D:7      | Reached XP level 10. HP: 33/50 MP: 20/25
  9136 | D:7      | Learned a level 4 spell: Hailstorm
  9537 | D:7      | Found a shimmering altar of Xom.
  9782 | D:7      | Reached skill level 10 in Spellcasting
  9864 | D:7      | Learned a level 5 spell: Freezing Cloud
 10310 | D:8      | Reached skill level 10 in Conjurations
 10569 | D:8      | Found a staircase to the Lair.
 10728 | D:8      | Engulfed by a cloud of freezing vapour

Illustrated notes

Levels and vault maps discovered:
D:1:      dpeg_arrival_lava_altar, layout_basic,
          hellmonk_ecumenical_altar_blasted, dreamdust_princess_bridge
D:2:      layout_loops_ring, serial_shops, nicolae_shop_crystal,
          minmay_pentomino_r2, uniq_natasha, uniq_jessica
D:3:      layout_basic, serial_shops, shop, minmay_misc_feat_nine_boxes
D:4:      layout_cave_pods, tgw_sif, minmay_temple_entry_mini_moons,
          uniq_blork_the_orc, uniq_edmund, uniq_grinder, uniq_menkaure
D:5:      layout_layer_cave, tso_altar, biasface_ghost_orc_armoury,
          minmay_fractal_squares_5
D:6:      layout_cave_pools, kennysheep_mini, mainiacjoe_overflow_brackets,
          enter_ossuary_1, chequers_decorated_corner, minmay_manual_monolith,
          uniq_crazy_yiuf_cottage, uniq_duvessa
D:7:      layout_basic, xom_butterflies, nicolae_underground_beach,
          uniq_prince_ribbit1
D:8:      layout_basic, lair_entry_dummy
Temple:   bh_familiar_temple

Skill      XL: |  1  2  3  4  5  6  7  8  9 10 |
---------------+-------------------------------+-----
Hexes          | 1 2 3 4 6 7 |  7.8
Conjurations   | 5 6 7 8 9 10 | 10.0
Stealth        | 3 4 |  4.4
Spellcasting   | 4 5 6 8 9 10 | 10.4
Evocations     | 1 2 3 4 5 6 |  6.2
Dodging        | 3 |  3.5
Air Magic      | 2 3 4 |  4.4
Fighting       | |  0.1
Ice Magic      | |  0.2

Action                   |  1- 3 |  4- 6 |  7- 9 | 10-12 || total
-------------------------+-------+-------+-------+-------++-------
 Cast: Magic Dart        |    56 |    68 |    78 |    24 ||   226
       Searing Ray       |     7 |    17 |    50 |    17 ||    91
       Dazzling Flash    |     1 |     1 |       |       ||     2
       Fulminant Prism   |       |     2 |    27 |     4 ||    33
       Freezing Cloud    |       |       |       |     2 ||     2
       Hailstorm         |       |       |       |     1 ||     1
  Use: Scroll            |     3 |     6 |     7 |       ||    16
       Potion            |       |     1 |       |       ||     1
Armor: Robe              |       |     1 |     6 |     3 ||    10
Dodge: Dodged            |     2 |     6 |    25 |     5 ||    38
